AoeStats
← ZorroDelDesierto

Golden Pit

503172007Analyzed
1v1 RM · 11d ago on Aug 30, 2026· 39m 46s· 2 players
Game mode
Random Map
Map size
Tiny (2 player)
Population
200
Speed
Normal
Resources
Standard
Victory
Conquest
Starting age
Dark Age
Ending age
Imperial Age
RankedLock teamsTeams togetherTeam positionsShared explorationLock speedFull tech treeHidden civsTurbo modeCheats
Victory
Defeat
🇫🇷 Vikings · France
1002
+16
🇦🇷 Goths · Argentina
996
-16
ZorroDelDesierto
0:59 Loom
12:03 Feudal Age
12:08 Man-at-Arms
12:46 Double-Bit Axe
14:25 Scale Mail Armor
18:16 Wheelbarrow
18:48 Forging
23:22 Castle Age
21:41 Gold Mining
24:45 Chain Mail Armor
24:39 Fletching
26:10 Iron Casting
25:41 Squires
26:10 Horse Collar
26:46 Bow Saw
26:17 Long Swordsman
30:24 Town Watch
34:38 Hand Cart
34:37 Heavy Plow
37:45 Ballistics
38:21 Fletching
38:51 Town Patrol
LoiParchemin856
0:57 Loom
1:01 Loom
3:05 Loom
3:46 Loom
5:05 Loom
10:49 Feudal Age
11:28 Double-Bit Axe
12:08 Man-at-Arms
14:05 Man-at-Arms
14:50 Gold Mining
17:20 Horse Collar
23:17 Castle Age
22:07 Scale Mail Armor
24:09 Long Swordsman
25:32 Squires
25:19 Gambesons
29:32 Chain Mail Armor
29:30 Forging
31:27 Arson
35:24 Iron Casting
34:40 Fletching
35:47 Padded Archer Armor
Connection lost

Rejoining the realm…

Still unreachable

The connection could not be restored.

Session expired

The server has moved on; the page needs a fresh start.